AoeStats
← Infadel

Arabia

510268321Analyzed
1v1 RM · 1d ago on Sep 30, 2026· 53m 16s· 2 players
Game mode
Random Map
Map size
Tiny (2 player)
Population
200
Speed
Normal
Resources
Standard
Victory
Conquest
Starting age
Dark Age
Ending age
Imperial Age
RankedLock teamsTeams togetherTeam positionsShared explorationLock speedFull tech treeHidden civsTurbo modeCheats
Victory
Defeat
🇮🇳 Armenians · India
1092
+15
🇩🇪 Ethiopians · Germany
1078
-15
SneakySnowFlake
7:11 Loom
9:24 Feudal Age
13:38 Double-Bit Axe
13:34 Horse Collar
16:43 Padded Archer Armor
24:47 Fletching
28:56 Castle Age
29:50 Bodkin Arrow
29:18 Crossbowman
30:25 Thumb Ring
33:30 Bow Saw
34:59 Gold Mining
44:37 Imperial Age
49:46 Bracer
Infadel
8:34 Loom
10:22 Feudal Age
11:14 Double-Bit Axe
10:51 Man-at-Arms
12:21 Long Swordsman
18:37 Arson
20:20 Horse Collar
23:06 Scale Mail Armor
25:31 Castle Age
23:32 Gold Mining
25:30 Forging
25:34 Two-Handed Swordsman
27:15 Town Watch
27:42 Bow Saw
30:39 Wheelbarrow
35:40 Hand Cart
37:40 Fletching
37:57 Scale Barding Armor
37:23 Light Cavalry
39:00 Bloodlines
40:46 Gold Shaft Mining
41:04 Bodkin Arrow
41:56 Heavy Plow
41:49 Stone Mining
43:00 Padded Archer Armor
46:59 Imperial Age
46:58 Chain Barding Armor
46:55 Leather Archer Armor
47:15 Iron Casting
48:10 Iron Casting
Connection lost

Rejoining the realm…

Still unreachable

The connection could not be restored.

Session expired

The server has moved on; the page needs a fresh start.